 Dungeon Crawl Stone Soup version 0.19-a0-1071-g4ed3155 (webtiles) character file.

47 poirepourri the Grave Robber (level 3, -6/23 (26) HPs)
             Began as a Ghoul Necromancer on Aug 5, 2016.
             Mangled by a gnoll
             ... wielding a +0 flail
              (14 damage)
             ... on level 2 of the Dungeon.
             The game lasted 00:04:05 (1732 turns).

poirepourri the Grave Robber (Ghoul Necromancer)    Turns: 1732, Time: 00:04:06

HP:   -6/23 (26)    AC:  2    Str: 11    XL:     3   Next: 70%
MP:   1/6           EV: 12    Int: 11    God:
Gold: 70            SH:  0    Dex:  9    Spells: 1 memorised, 6 levels left

rFire  . . .     SeeInvis .     (no weapon)
rCold  + . .     Gourm    .     a - +0 robe
rNeg   + + +     Faith    .     (no shield)
rPois  ∞         Spirit   .     (no helmet)
rElec  .         Dismiss  .     (no cloak)
rCorr  .         Reflect  .     (no gloves)
SustAt .         Harm     .     (no boots)
MR     .....                    (no amulet)
Stlth  ++........               (no ring)
                                (no ring)

@: rotting
A: rotting body, claws 1, carnivore 3, cold resistance 1, negative energy
resistance 3, slow regeneration 1, torment resistance, unbreathing
a: no special abilities


You were on level 2 of the Dungeon.
You were not hungry.

You visited 1 branch of the dungeon, and saw 2 of its levels.

You collected 70 gold pieces.

Inventory:

Armour
 a - a +0 robe (worn)
Scrolls
 d - a scroll of amnesia {unknown}
 g - 2 scrolls of identify {unknown}
 h - a scroll of blinking {unknown}
 i - a scroll of teleportation {unknown}
 j - a scroll of magic mapping {unknown}
Potions
 c - 4 potions of heal wounds {unknown}
 e - a potion of cure mutation {unknown}
 f - a potion of haste {unknown}
 k - a potion of mutation {unknown}
Books
 b - a book of Necromancy

   Spells                             Type                      Level
   a - Pain                           Necromancy                   1
   b - Animate Skeleton               Necromancy                   1
   c - Vampiric Draining              Necromancy                   3
   d - Regeneration                   Charms/Necromancy            3
   e - Animate Dead                   Necromancy                   4
   f - Control Undead                 Necromancy                   4


   Skills:
 - Level 1.7 Dodging
 - Level 2.1 Stealth
 * Level 2.9 Spellcasting
 + Level 4.4 Necromancy


You had 6 spell levels left.
You knew the following spells:

 Your Spells              Type           Power        Failure   Level  Hunger
a - Pain                  Necr           ##..         4%          1    #......


Dungeon Overview and Level Annotations

Branches:
Dungeon (2/15)

Altars:


Innate Abilities, Weirdness & Mutations

Your body is rotting away.
You thrive on raw meat.
You are immune to poison.
You have sharp fingernails.
You are carnivorous and can eat meat at any time.
Your flesh is cold resistant. (rC+)
You are immune to negative energy. (rN+++)
You regenerate slowly when monsters are visible.
You are immune to unholy pain and torment.
You can survive without breathing.


Message History

The gnoll is heavily wounded.
The gnoll hits you with a flail.
Casting: Pain
Confirm with . or Enter, or press ? or * to list all spells.
Aiming: Pain
Press: ? - help, Shift-Dir - straight line, f/p - gnoll
Aim: a gnoll, wielding a flail (heavily wounded, chance to defeat MR: 73%)
The gnoll convulses in agony!
The gnoll barely misses you.
You open the door. The gnoll misses you.
There is an open door here.
There is a stone staircase leading down here.
There is an open door here.
Casting: Pain
Confirm with . or Enter, or press ? or * to list all spells.
Aiming: Pain
Press: ? - help, Shift-Dir - straight line, f/p - gnoll
Aim: a gnoll, wielding a flail (heavily wounded, chance to defeat MR: 73%)
The gnoll convulses in agony!
The gnoll hits you with a flail!
Ouch! That really hurt!
You die...

..# #.......### ##.## #.#
#.#.......# #.# ###### #.####
#.......# #.# #..... .....#
#.......# ##'###.#### ..##<#
###...### ##>..##)####
####.##.###...## ##g....#.##..
.###.##......#.## ##........##.#
..##.######.#...####.........##.#
................@gg'............#
..##.######.#...####.............
.###.# #....## ##.......#####
####.## ####.# ##.....## #
##...## #.# ##...## # #.....# #.#
##'## # #.....# #.# #.# # #.....#
#.# #.# # ##.(.## #.# #####.## #


You could see 2 gnolls.

Vanquished Creatures
  A gnoll (D:2)
  An ooze (D:1)
  2 giant geckos
  4 bats
  3 giant cockroaches (D:1)
  4 goblins
  7 hobgoblins
  2 jackals (D:1)
  4 giant newts (D:1)
28 creatures vanquished.

Notes
Turn   | Place    | Note
-------+----------+-------------------------------------------
     0 | D:1      | poirepourri the Ghoul Necromancer began the quest for the Orb.
     0 | D:1      | Reached XP level 1. HP: 14/14 MP: 2/2
   171 | D:1      | Reached XP level 2. HP: 14/20 MP: 0/4
   803 | D:1      | Reached XP level 3. HP: 19/25 MP: 0/5
  1732 | D:2      | Mangled by a gnoll

Vault maps used:
D:1:      dpeg_arrival_lava_temple_mockup
D:2:      uniq_terence

Skill      XL: |  1 |
---------------+----+-----
Spellcasting   | 2 |  2.9
Dodging        | |  1.7
Stealth        | |  2.1
Necromancy     | |  4.4

Action                   || total
-------------------------++-------
Melee: Unarmed           ||    17
 Cast: Pain              ||    61
  Eat: Meat ration       ||     2
Armor: Robe              ||     7
Dodge: Dodged            ||    30
